Yev-Ruu, chaotic female vampiric Convict --------------------------------------------------------- |....................................................... |.............................................. |..................>........-------.......... |......----------...........|.....|........- |......|...[[[)[|...........|.....|........| | |......|[))[[...|...........| ....|........| ...| |......q@@)[[[[[|...........----|--........+ ......| |......----------..........................-------- ..........--------- |......................{.....................................................| |.......................................................{....................| |............---------....#..--------........------- ......................| |............|.......|.......| %%%|........| ---+---- ....| |............|.......|.......| %(%%%|........| |............-.......|......%-.%%(%%|........| -------- ..| |............---------.......--------........--+---- ..................| |...........................%.%..............................................| |............................................................................| ------------------------------------------------------------------------------ Yev-Ruu the Prisoner Experience level: 10 Strength: 17 Dexterity: 13 Constitution: 18 Intelligence: 14 Wisdom: 12 Charisma: 7 Health: 0(76) Energy: 60(60) AC: 10 Gold: 0 Moves: 9584 Your Inventory: Potions j - a [blessed] ochre potion [of gain level] Wands k - an [uncursed] wand of magic missile [0:2] Spells known in the end: Name Level Category Fail Memory a - levitation 4 escape 100% [|||||...] Your skills at the end: Fighting Skills body armor [Basic / Skilled] shield [Basic / Basic] Weapon Skills flail [Basic / Expert] sling [Basic / Skilled] Spellcasting Skills Final Attributes: You were piously aligned. Hunger level was 301. Your alignment was 57 / 57. Monster difficulty range was 1 - 9. Level difficulty was 9. You were immune to poison. You were immune to level-drain. You were immune to sickness. You could fly. You could survive without air. You regenerated. Your luck was zero. You are dead. Vanquished creatures: a queen bee a winged gargoyle a doppelganger a large mimic 3 small mimics a rodent of unusual size a warhorse a wood golem 2 giant turtles 2 gelatinous cubes a pyrolisk 2 tengu an ochre jelly a leocrotta an elf mummy a human mummy 3 watchmen a succubus a chameleon 5 giant beetles 2 quivering blobs 4 wolves a lynx a panther a spotted jelly 2 leprechauns an orc-captain a mumak 2 giant spiders a black light a gnome king 2 orc mummies a rust monster a yeti 2 gold golems a dingo a jaguar 2 white unicorns a dust vortex a plains centaur 2 snakes 2 apes a wood nymph 9 Mordor orcs 13 Uruk-hai 2 orc shamans an enormous rat 2 yellow lights a shrieker 5 gnome lords 2 gnomish wizards a barrow wight an elf zombie a paper golem a wax golem 3 giant ants a little dog a floating eye 3 kittens 10 dwarves 2 kobold shamans 3 hill orcs 3 rothes a rabid rat a giant bat 2 monkeys 5 orc zombies a wererat 3 muggers 3 iguanas 18 killer bees 2 hobbits 2 large kobolds 5 giant rats a yellow mold 25 gnomes 7 garter snakes 5 gnome zombies 5 geckos 5 jackals 2 foxes a kobold 2 goblins 2 sewer rats 7 grid bugs 4 bats 2 lichens 3 kobold zombies 3 newts 247 creatures vanquished. Voluntary challenges: You went without food. You never hit with a wielded weapon. You read items or engraved 8 times. You put on armor 66 times. You never genocided any monsters. You never polymorphed an object. You never changed form. You used no wishes. You abstained from Elbereth's help. You never encountered a bones level. You never used any Sokoban shortcuts. Dungeon overview: The Dungeons of Doom: levels 1 to 12 Level 1 a long staircase Level 2 (Vault) a fountain Level 3 a general store, a fountain Level 4 stairs to The Gnomish Mines Level 5 (LMAO 2 UNICORN) Level 7 a fountain Level 8 (Ninfae) a fountain Level 9 many fountains Level 10 stairs to Sokoban Level 11 (18 con sucks balls) some altars, a fountain Level 12 a fountain stairs to Town The Gnomish Mines: levels 5 to 7 Level 5 (Magic trap) stairs to The Dungeons of Doom Sokoban: Level 9 a magic chest stairs to The Dungeons of Doom Town: levels 9 to 11 Level 9 <- You were here some shops, some fountains, a sink Level 10 many fountains, many trees Level 11 stairs to The Dungeons of Doom History has recorded: On T:1 you entered the Dungeons of Doom to retrieve the Amulet of Yendor! On T:669 you reached level 2 of The Dungeons of Doom. On T:686 you advanced to experience level 2. On T:874 you reached level 3 of The Dungeons of Doom. On T:891 you advanced to experience level 3. On T:1031 you advanced to experience level 4. On T:1480 you advanced to experience level 5. On T:1620 you reached level 4 of The Dungeons of Doom. On T:2191 you advanced to experience level 6. On T:2216 you reached level 1 of The Gnomish Mines. On T:2418 you reached level 2 of The Gnomish Mines. On T:2438 you advanced to experience level 7. On T:2806 you reached level 3 of The Gnomish Mines. On T:3194 you advanced to experience level 8. On T:4237 you reached level 5 of The Dungeons of Doom. On T:4725 you reached level 6 of The Dungeons of Doom. On T:5266 you advanced to experience level 9. On T:6288 you reached level 7 of The Dungeons of Doom. On T:6513 you reached level 8 of The Dungeons of Doom. On T:6975 you reached level 9 of The Dungeons of Doom. On T:7365 you reached level 10 of The Dungeons of Doom. On T:7507 you reached level 3 of Sokoban. On T:7705 you reached level 11 of The Dungeons of Doom. On T:7874 you advanced to experience level 10. On T:8617 you reached level 12 of The Dungeons of Doom. On T:9036 you reached level 3 of Town. On T:9141 you reached level 2 of Town. On T:9381 you reached level 1 of Town. Latest messages: You feel much better. [HP+66=76] [3 turns] You hit the leocrotta. You bite the leocrotta. The leocrotta hits! The leocrotta bites! The leocrotta hits! [HP-15=61] You hit the leocrotta. You bite the leocrotta. The leocrotta hits! The leocrotta bites! The leocrotta hits! (2x) The leocrotta bites! The leocrotta hits! [HP-46=15] You miss the leocrotta. You bite the leocrotta. The leocrotta hits! The leocrotta bites! You die... Iskenderun gratefully inherits all your possessions. Final status: Goodbye Yev-Ruu the Convict... You died in Town on dungeon level 9 with 20924 points, and 0 pieces of gold, after 9584 moves. You were level 10 with a maximum of 76 hit points when you died.